 Dungeon Sprint DCSS version 0.30-a0-777-ga9a30cbeda (webtiles) character file.

Game seed: 13016014035317292250

191 NinjaNoafa the Magician (level 5, -1/46 HPs)
             Began as a Gnoll Warper on Feb 14, 2023.
             Was an Elder of Cheibriados.
             Shot with an arrow by a centaur (13 damage)
             ... in the Dungeon (Sprint VII: "The Pits").
             The game lasted 00:02:06 (201 turns).

NinjaNoafa the Magician (Gnoll Warper)               Turns: 201, Time: 00:02:07

Health: -1/46      AC:  3    Str: 20    XL:     5   Next: 70%
Magic:  1/13       EV: 16    Int: 24    God:    Cheibriados [****..]
Gold:   0          SH:  0    Dex: 22    Spells: 2/16 levels left

rFire   . . .      SeeInvis .    g - +1 flail (protect)
rCold   . . .      Faith    .    (no shield)
rNeg    . . .      Spirit   .    b - +0 leather armour
rPois   .          Reflect  .    (no helmet)
rElec   .          Harm     .    (no cloak)
rCorr   .          Rampage  .    (no gloves)
Will    .....      NoTele   +    (no boots)
Stlth   +++                      (no amulet)
HPRegen 0.27/turn                (no ring)
MPRegen 0.13/turn                (no ring)

@: on blink cooldown, very slow
A: fangs 1, strong nose, distributed training
a: Renounce Religion, Bend Time, Temporal Distortion, Slouch


You were in the Dungeon.
You worshipped Cheibriados.
Cheibriados was greatly pleased with you.
You visited 1 branch

Inventory:

Hand Weapons
 g - a +1 flail of protection (weapon)
Missiles
 d - 7 boomerangs of dispersal (quivered)
Armour
 b - a +0 leather armour (worn)
Scrolls
 c - 2 scrolls of blinking
 k - 5 scrolls of amnesia
 l - a scroll of butterflies
 m - 2 scrolls of vulnerability
Potions
 a - 2 potions of invisibility
 e - 6 potions of curing
 f - 6 potions of heal wounds
 h - 3 potions of magic
 i - 2 potions of berserk rage


   Skills:
 + Level 6.1 Fighting
 + Level 4.0 Short Blades
 + Level 4.0 Long Blades
 + Level 4.0 Axes
 + Level 6.1 Maces & Flails
 + Level 4.0 Polearms
 + Level 4.0 Staves
 + Level 4.0 Ranged Weapons
 + Level 4.8 Throwing
 + Level 4.8 Armour
 + Level 6.1 Dodging
 + Level 4.0 Stealth
 + Level 4.0 Shields
 + Level 4.0 Unarmed Combat
 + Level 6.4 Spellcasting
 + Level 3.2 Conjurations
 + Level 3.2 Hexes
 + Level 3.2 Summonings
 + Level 3.2 Necromancy
 + Level 6.4 Translocations
 + Level 3.2 Transmutations
 + Level 3.2 Fire Magic
 + Level 3.2 Ice Magic
 + Level 3.2 Air Magic
 + Level 3.2 Earth Magic
 + Level 3.2 Poison Magic
 + Level 4.3 Invocations
 + Level 4.0 Evocations


You had 2 spell levels left.
You knew the following spells:

 Your Spells              Type           Power      Damage    Failure   Level
a - Blink                 Tloc           76%        N/A       1%          2
b - Lesser Beckoning      Tloc           76%        N/A       1%          2
c - Teleport Other        Tloc           38%        N/A       1%          3
d - Vhi's Electric Charg  Tloc/Air       62%        N/A       3%          3
e - Manifold Assault      Tloc           38%        N/A       6%          4

Your spell library contained the following spells:

 Spells                   Type           Power      Damage    Failure   Level


Dungeon Overview and Level Annotations

Branches:
Dungeon (1/1)

Altars:
Ashenzari
Cheibriados
Dithmenos
Elyvilon
Fedhas
Gozag
Hepliaklqana
Kikubaaqudgha
Makhleb
Nemelex Xobeh
Okawaru
Qazlal
Ru
Sif Muna
Trog
Uskayaw
Vehumet
Wu Jian
Xom
Yredelemnul
Zin
The Shining One
Jiyva
Lugonu


Innate Abilities, Weirdness & Mutations

You have very sharp teeth.
Your uncanny sense of smell can sniff out nearby items.
Your experience applies equally to all skills.


Message History

Your Poison Magic skill increases to level 3!
Your Invocations skill increases to level 4!
Your Evocations skill increases to level 4!
You have reached level 5!
Casting: Manifold Assault (dangerous; 6% risk of failure)
Confirm with . or Enter, or press ? or * to list all spells.
You blink.
The centaur shoots an arrow.
The arrow barely misses you. The white imp gestures at you.
The puff of frost misses you.
Casting: Blink (safe; 1% risk of failure)
Confirm with . or Enter, or press ? or * to list all spells.
Charge where?
Press: ? - help, Dir - move target, f - warg
Aim: a warg (77% to hit)
Okay, then.
You feel stable enough to blink again.
The centaur shoots an arrow.
The arrow hits you!
* * * LOW HITPOINT WARNING * * *
The centaur shoots an arrow.
The arrow barely misses you.
There is an open door, spattered with blood here.
Casting: Vhi's Electric Charge (dangerous; 3% risk of failure)
Confirm with . or Enter, or press ? or * to list all spells.
Charge where?
Press: ? - help, Dir - move target, f - centaur
Aim: a centaur, wielding a +3 shortbow (91% to hit)
You charge forward with an electric crackle!
You hit the centaur but do no damage.
The centaur unwields a +3 shortbow.
The centaur barely misses you.
The centaur kicks you but does no damage.
The centaur hits you but does no damage.
The centaur kicks you but does no damage.
The centaur barely misses you.
The centaur kicks you but does no damage.
Casting: Vhi's Electric Charge (dangerous; 3% risk of failure)
Confirm with . or Enter, or press ? or * to list all spells.
You blink.
The centaur wields a +3 shortbow.
The centaur shoots an arrow.
The arrow hits you.
* * * LOW HITPOINT WARNING * * *
The centaur shoots an arrow.
The arrow hits you!
You die...

############
#_________.#
#_________.#
#_______...########
##########'##......
#..(.')))'.##......
##########.##......
#.@.....!...'......
#'#####'#####......
#.#.†#.)#..##......
#.#..'..)..#####'##
#.##†####'###......
#.#.)......##......
#c#........##......
#h#####'#####...<..
#°#...)))[.##......


You could see a warg and a centaur.

Vanquished Creatures
  A centaur (D)
  A scorpion (D)
  Jessica (D)
  An adder (D)
  A gnoll (D)
  An adder skeleton (D)
  An orc (D)
  2 bats (D)
  A giant cockroach (D)
  A ball python skeleton (D)
  2 kobolds (D)
13 creatures vanquished.

Notes
Turn   | Place    | Note
-------+----------+-------------------------------------------
     0 | D        | NinjaNoafa the Gnoll Warper began the quest for the Orb.
     0 | D        | Reached XP level 1. HP: 20/20 MP: 6/6
    51 | D        | Found a bloodstained altar of Trog.
    51 | D        | Found a shimmering blue altar of Sif Muna.
    51 | D        | Found a viscous altar of Jiyva.
    51 | D        | Found a hazy altar of Hepliaklqana.
    51 | D        | Found an opulent altar of Gozag.
    52 | D        | Found a glowing golden altar of the Shining One.
    52 | D        | Found a glowing silver altar of Zin.
    52 | D        | Found a basalt altar of Yredelemnul.
    52 | D        | Found a shimmering altar of Xom.
    52 | D        | Found an ornate altar of the Wu Jian Council.
    52 | D        | Found a sacrificial altar of Ru.
    52 | D        | Found a stormy altar of Qazlal.
    52 | D        | Found an iron altar of Okawaru.
    52 | D        | Found a sparkling altar of Nemelex Xobeh.
    52 | D        | Found a burning altar of Makhleb.
    52 | D        | Found a blossoming altar of Fedhas.
    52 | D        | Found a white marble altar of Elyvilon.
    52 | D        | Found a shadowy altar of Dithmenos.
    52 | D        | Found a snail-covered altar of Cheibriados.
    53 | D        | Found a radiant altar of Vehumet.
    53 | D        | Found a corrupted altar of Lugonu.
    54 | D        | Found a hide-covered altar of Uskayaw.
    54 | D        | Found an ancient bone altar of Kikubaaqudgha.
    54 | D        | Found a broken altar of Ashenzari.
    62 | D        | Became a worshipper of Cheibriados the Contemplative
    81 | D        | Reached skill level 1 in Short Blades
    81 | D        | Reached skill level 1 in Long Blades
    81 | D        | Reached skill level 1 in Axes
    81 | D        | Reached skill level 1 in Polearms
    81 | D        | Reached skill level 1 in Staves
    81 | D        | Reached skill level 1 in Ranged Weapons
    81 | D        | Reached skill level 1 in Stealth
    81 | D        | Reached skill level 1 in Shields
    81 | D        | Reached skill level 1 in Unarmed Combat
    81 | D        | Reached skill level 5 in Spellcasting
    81 | D        | Reached skill level 1 in Conjurations
    81 | D        | Reached skill level 1 in Hexes
    81 | D        | Reached skill level 1 in Summonings
    81 | D        | Reached skill level 1 in Necromancy
    81 | D        | Reached skill level 1 in Transmutations
    81 | D        | Reached skill level 1 in Fire Magic
    81 | D        | Reached skill level 1 in Ice Magic
    81 | D        | Reached skill level 1 in Air Magic
    81 | D        | Reached skill level 1 in Earth Magic
    81 | D        | Reached skill level 1 in Poison Magic
    81 | D        | Reached skill level 1 in Invocations
    81 | D        | Reached skill level 1 in Evocations
    81 | D        | Reached XP level 2. HP: 26/26 MP: 8/8
    86 | D        | Reached * piety under Cheibriados
    90 | D        | Learned a level 2 spell: Blink
    93 | D        | Learned a level 2 spell: Lesser Beckoning
    95 | D        | Noticed a scorpion
   104 | D        | Killed a scorpion
   104 | D        | Reached ** piety under Cheibriados
   105 | D        | Reached skill level 5 in Fighting
   105 | D        | Reached skill level 5 in Maces & Flails
   105 | D        | Reached skill level 5 in Dodging
   105 | D        | Reached XP level 3. HP: 33/33 MP: 8/10
   105 | D        | Reached XP level 4. HP: 39/39 MP: 8/11
   119 | D        | Reached *** piety under Cheibriados
   169 | D        | Learned a level 3 spell: Teleport Other
   173 | D        | Learned a level 3 spell: Vhi's Electric Charge
   183 | D        | Learned a level 4 spell: Manifold Assault
   189 | D        | Noticed a centaur
   189 | D        | Noticed a centaur
   189 | D        | Noticed a warg
   189 | D        | Noticed Jessica
   191 | D        | Killed Jessica
   191 | D        | Reached **** piety under Cheibriados
   196 | D        | Killed a centaur
   197 | D        | Reached XP level 5. HP: 22/46 MP: 7/13
   201 | D        | Shot with an arrow by a centaur

Illustrated notes

Levels and vault maps discovered:
D:        pitsprint [storerooms_1, entrance_room_1, metal_vault_6, armoury_2,
          mini_pit_1, grid_room_1, main_hall_1, silver_pit, the_coven_1,
          the_vestibule_1, steel_vault_4, golden_pit, hallway_of_sentries,
          crystal_vault_5, iron_vault_5, final_vault]

Skill      XL: |  1  2  3  4 |
---------------+-------------+-----
Short Blades   | 1 2 4 |  4.0
Long Blades    | 1 2 4 |  4.0
Axes           | 1 2 4 |  4.0
Polearms       | 1 2 4 |  4.0
Staves         | 1 2 4 |  4.0
Ranged Weapons | 1 2 4 |  4.0
Stealth        | 1 2 4 |  4.0
Shields        | 1 2 4 |  4.0
Unarmed Combat | 1 2 4 |  4.0
Spellcasting   | 5 6 |  6.4
Conjurations   | 1 2 3 |  3.2
Hexes          | 1 2 3 |  3.2
Summonings     | 1 2 3 |  3.2
Necromancy     | 1 2 3 |  3.2
Transmutations | 1 2 3 |  3.2
Fire Magic     | 1 2 3 |  3.2
Ice Magic      | 1 2 3 |  3.2
Air Magic      | 1 2 3 |  3.2
Earth Magic    | 1 2 3 |  3.2
Poison Magic   | 1 2 3 |  3.2
Invocations    | 1 2 4 |  4.3
Evocations     | 1 2 4 |  4.0
Fighting       | 5 6 |  6.1
Maces & Flails | 5 6 |  6.1
Throwing       | 3 4 |  4.8
Armour         | 3 4 |  4.8
Dodging        | 5 6 |  6.1
Translocations | 6 |  6.4

Action                     |  1- 3 |  4- 6 || total
---------------------------+-------+-------++-------
  Melee: Mace              |    16 |    13 ||    29
         Bite              |     1 |     3 ||     4
         Flail             |       |    10 ||    10
   Cast: Blink             |     1 |     3 ||     4
         Vhi's Electric Ch |       |     3 ||     3
         Manifold Assault  |       |     2 ||     2
    Use: Potion            |     1 |     1 ||     2
   Stab: Sleeping          |       |     1 ||     1
 Armour: Leather armour    |     6 |    13 ||    19
  Dodge: Dodged            |    15 |    43 ||    58

Table legend: (Time is in decaauts)
 A = Elapsed time spent in this place.
 B = Non-inter-level travel time spent in this place.
 C = Inter-level travel time spent in this place.
 D = Time resting spent in this place.
 E = Time spent auto-exploring this place.
 F = Levels seen in this place.
 G = Mean time per level.
                   A        B        C        D        E       F      G
               +--------+--------+--------+--------+--------+-----+--------+
         Total |    253 |    230 |     23 |      0 |      0 |   1 |  253.0 |
       Dungeon |    253 |    230 |     23 |      0 |      0 |   1 |  253.0 |
               +--------+--------+--------+--------+--------+-----+--------+

Top non-repeatable levels by time:
       D: 253 daAuts
